 Dungeon Sprint DCSS version 0.26-a0-658-gbdda728c12 (webtiles) character file.

Game seed: 5823134264953340356

9074 sahdkjhfkaj the Genius of the Arcane (level 11, -6/69 HPs)
             Began as a Tengu Conjurer on Oct 4, 2020.
             Was the Champion of Sif Muna.
             Mangled by a freezing wraith (13 damage)
             ... in the Dungeon (Sprint VII: "The Pits").
             The game lasted 00:13:27 (5613 turns).

sahdkjhfkaj the Genius of the Arcane (TeCj)         Turns: 5613, Time: 00:13:28

Health: -6/69      AC:  5    Str:  8    XL:     11   Next: 40%
Magic:  19/25      EV: 22    Int: 22    God:    Sif Muna [******]
Gold:   0          SH:  0    Dex: 15    Spells: 5/28 levels left

rFire    . . .     SeeInvis .     - Unarmed
rCold    . . .     Faith    .   (shield currently unavailable)
rNeg     . . .     Spirit   .   a - +0 robe
rPois    .         Reflect  .   (helmet restricted)
rElec    .         Harm     .   (no cloak)
rCorr    .         Rampage  .   (gloves currently unavailable)
MR       .....     NoTele   +   (boots unavailable)
Stlth    ++........             (no amulet)
HPRegen  0.21/turn              m - +3 ring of protection
MPRegen  0.19/turn              o - +3 ring of dexterity

@: blade hands, flying quickly and evasively, quick
A: beak, talons 3, able to fly
a: Stop Flying, End Transformation, Channel Magic, Forget Spell, Divine
Exegesis, Renounce Religion


You were in the Dungeon.
You worshipped Sif Muna.
Sif Muna was exalted by your worship.
You had blades for hands.
You visited 1 branch

Inventory:

Hand Weapons
 t - a +2 scimitar of holy wrath
Armour
 a - a +0 robe (worn)
 n - a +0 pair of gloves (melded)
Jewellery
 m - a +3 ring of protection (left scythe-like blade)
 o - a +3 ring of dexterity (right scythe-like blade)
Scrolls
 i - 3 scrolls of remove curse
 j - 5 scrolls of amnesia
 k - a scroll of summoning
 l - 2 scrolls of vulnerability
Potions
 b - 2 potions of invisibility
 c - 8 potions of curing
 d - 7 potions of heal wounds
 e - a potion of haste
 f - 2 potions of magic
 g - 3 potions of berserk rage
 p - a potion of might
 q - 2 potions of brilliance
 r - a potion of mutation
 s - a potion of resistance


   Skills:
 + Level 8.3 Fighting
 - Level 6.0 Armour
 + Level 9.6 Dodging
 - Level 2.0 Stealth
 - Level 11.8 Unarmed Combat
 + Level 9.4 Spellcasting
 - Level 10.2 Conjurations
 * Level 7.6 Summonings
 * Level 5.2 Translocations
 - Level 8.1 Transmutations
 - Level 12.0 Invocations


You had 5 spell levels left.
You knew the following spells:

 Your Spells              Type           Power        Failure   Level
a - Magic Dart            Conj           ####         7%          1
b - Searing Ray           Conj           ######       8%          2
c - Stone Arrow           Conj/Erth      ####..       22%         3
i - Irradiate             Conj/Tmut      ######....   30%         5
s - Malign Gateway        Summ/Tloc      #####.....   100%        7
A - Blade Hands           Tmut           #####.....   36%         5

Your spell library contained the following spells:

 Spells                   Type           Power        Failure   Level
 Shock                    Conj/Air       ####         14%         1
 Sting                    Tmut/Pois      ####         17%         1
 Conjure Flame            Conj/Fire      ####....     22%         3
 Dazzling Flash           Conj/Hex       ####..       22%         3
 Lesser Beckoning         Tloc           ####......   22%         3
 Static Discharge         Conj/Air       ####....     22%         3
 Iskenderun's Mystic Bla  Conj/Tloc      #####...     24%         4
 Iskenderun's Battlesphe  Conj           ######..     24%         5
 Ignite Poison            Fire/Tmut/Pois ###.....     36%         3
 Fulminant Prism          Conj/Hex       ####......   41%         4
 Passage of Golubria      Tloc           N/A          41%         4
 Corpse Rot               Necr/Air       N/A          45%         2
 Sublimation of Blood     Necr           ##........   45%         2
 Petrify                  Tmut/Erth      ####....     50%         4
 Summon Lightning Spire   Summ/Air       ####....     52%         4
 Summon Forest            Summ/Tloc      #####.....   52%         5
 Vampiric Draining        Necr           ##........   61%         3
 Alistair's Intoxication  Tmut/Pois      ####.....    75%         5
 Bolt of Magma            Conj/Fire/Erth ####......   82%         5
 Dispel Undead            Necr           ##......     89%         4
 Silence                  Hex/Air        ##........   99%         5
 Hydra Form               Tmut           #####.....   77%         6
 Orb of Destruction       Conj           ######....   93%         7
 Conjure Ball Lightning   Conj/Air       ####......   97%         6
 Iron Shot                Conj/Erth      ####......   97%         6
 Spellforged Servitor     Conj/Summ      #####.....   98%         7
 Eringya's Noxious Bog    Tmut/Pois      ####......   99%         6
 Summon Hydra             Summ           #####.....   99%         7
 Chain Lightning          Conj/Air       ####......   100%        8
 Ignition                 Fire           ##........   100%        8
 Lehudib's Crystal Spear  Conj/Erth      ####......   100%        8
 Dragon's Call            Summ           #####.....   100%        9


Dungeon Overview and Level Annotations

Branches:
Dungeon (1/1)

Altars:
Ashenzari
Cheibriados
Dithmenos
Elyvilon
Fedhas
Gozag
Hepliaklqana
Kikubaaqudgha
Makhleb
Nemelex Xobeh
Okawaru
Qazlal
Ru
Sif Muna
Trog
Uskayaw
Vehumet
Wu Jian
Xom
Yredelemnul
Zin
The Shining One
Beogh
Jiyva
Lugonu

Annotations:
D exclusion: door


Innate Abilities, Weirdness & Mutations

You have a beak for a mouth.
You have claws for feet.
You can fly continuously.


Message History

Things that are here:
a +0 dagger; a +0 robe You feel yourself speed up.
Casting: Searing Ray (safe; 1% risk of failure)
Confirm with . or Enter, or press ? or * to list all spells.
Your hands turn into razor-sharp scythe blades.
Your +0 pair of gloves melds into your body.
The freezing wraith closely misses you. The freezing wraith misses you.
You hit the freezing wraith but do no damage.
Your kick misses the freezing wraith. Your peck misses the freezing wraith.
The freezing wraith is moderately damaged.
You slash the freezing wraith! Your kick misses the freezing wraith.
The freezing wraith is heavily damaged.
The freezing wraith hits you! The freezing wraith freezes you!!
* * * LOW HITPOINT WARNING * * *
The freezing wraith closely misses you.
You hit the freezing wraith.
The freezing wraith is heavily damaged.
The freezing wraith barely misses you. The freezing wraith hits you!
You die...

##########'##.....
#..(.')))'.##.....
##########.##..)..
#.)..)[)...(')....
#'#####'#####[....
#)#..#..#[[##.....
#Y#..'..#))#####+#
#W#..####))##.....
#@#..#(.#))##.....
#.#..#..#..##.....
#.##'#..#'###...<.
#.#........##.....
#)#........##.....
#'###########.....
#)......#..#######
#...#...#รท########
#...#...#[#....#..


You could see a freezing wraith and a yak.

Vanquished Creatures
  A ghost moth (D)
  Erica (D)
  An unseen horror (D)
  A deep troll (D)
  An orc knight (D)
  5 elephants (D)
  An orange demon (D)
  A freezing wraith (D)
  A guardian mummy (D)
  A wind drake (D)
  A jumping spider (D)
  A polar bear (D)
  A tyrant leech (D)
  A redback (D)
  A wraith (D)
  Eustachio (D)
  2 steam dragons (D)
  3 vampire mosquitoes (D)
  A warg (D)
  A soldier ant (D)
  A floating eye (D)
  A black bear (D)
  2 big kobolds (D)
  A gnoll sergeant (D)
  A scorpion (D)
  3 killer bees (D)
  2 crimson imps (D)
  A quasit (D)
  A hound (D)
  6 orc priests (D)
  2 iron imps (D)
  2 orc wizards (D)
  A mummy (D)
  5 gnolls (D)
  A river rat (D)
  2 adder zombies (D)
  10 orcs (D)
  A bat zombie (D)
  2 giant cockroaches (D)
  8 jackals (D)
  2 kobolds (D)
  A quokka (D)
  A bat (D)
  A frilled lizard (D)
  A goblin (D)
86 creatures vanquished.

Notes
Turn   | Place    | Note
-------+----------+-------------------------------------------
     0 | D        | sahdkjhfkaj the Tengu Conjurer began the quest for the Orb.
     0 | D        | Reached XP level 1. HP: 10/10 MP: 4/4
   253 | D        | Found a bloodstained altar of Trog.
   253 | D        | Found a shimmering blue altar of Sif Muna.
   253 | D        | Found a viscous altar of Jiyva.
   253 | D        | Found a hazy altar of Hepliaklqana.
   253 | D        | Found an opulent altar of Gozag.
   254 | D        | Found a glowing golden altar of the Shining One.
   254 | D        | Found a glowing silver altar of Zin.
   254 | D        | Found a basalt altar of Yredelemnul.
   254 | D        | Found a shimmering altar of Xom.
   254 | D        | Found an ornate altar of the Wu Jian Council.
   254 | D        | Found a sacrificial altar of Ru.
   254 | D        | Found a stormy altar of Qazlal.
   254 | D        | Found an iron altar of Okawaru.
   254 | D        | Found a sparkling altar of Nemelex Xobeh.
   254 | D        | Found a burning altar of Makhleb.
   254 | D        | Found a blossoming altar of Fedhas.
   254 | D        | Found a white marble altar of Elyvilon.
   254 | D        | Found a shadowy altar of Dithmenos.
   254 | D        | Found a snail-covered altar of Cheibriados.
   255 | D        | Found a radiant altar of Vehumet.
   255 | D        | Found a corrupted altar of Lugonu.
   255 | D        | Found a roughly hewn altar of Beogh.
   256 | D        | Found an ancient bone altar of Kikubaaqudgha.
   256 | D        | Found a hide-covered altar of Uskayaw.
   256 | D        | Found a broken altar of Ashenzari.
   259 | D        | Became a worshipper of Sif Muna the Loreminder
   290 | D        | Noticed a floating eye
   293 | D        | Paralysed by a floating eye for 4 turns
   298 | D        | Killed a floating eye
   298 | D        | Reached skill level 5 in Spellcasting
   298 | D        | Reached XP level 2. HP: 18/18 MP: 0/9
   298 | D        | Reached XP level 3. HP: 22/22 MP: 0/11
   298 | D        | Reached XP level 4. HP: 27/27 MP: 0/12
   393 | D        | Learned a level 2 spell: Searing Ray
   395 | D        | Reached * piety under Sif Muna
   398 | D        | Reached ** piety under Sif Muna
   441 | D        | Gained mutation: You can fly continuously. [Tengu growth]
   441 | D        | Reached XP level 5. HP: 31/31 MP: 11/14
   443 | D        | Reached *** piety under Sif Muna
   549 | D        | Noticed a black bear
   556 | D        | Reached **** piety under Sif Muna
   560 | D        | Killed a black bear
   560 | D        | Reached skill level 5 in Armour
   560 | D        | Reached skill level 5 in Dodging
   560 | D        | Reached XP level 6. HP: 13/39 MP: 6/16
   561 | D        | Reached ***** piety under Sif Muna
   563 | D        | Identified Sif Muna's Grimoire of Conjuration (Sif Muna
                  | gifted it to you in the Dungeon)
   563 | D        | Received a gift from Sif Muna
   563 | D        | Reached skill level 5 in Fighting
   766 | D        | Reached skill level 2 in Invocations
   833 | D        | Noticed a redback
   839 | D        | Learned a level 3 spell: Stone Arrow
   843 | D        | Killed a redback
   843 | D        | Reached skill level 6 in Invocations
   843 | D        | Reached XP level 7. HP: 43/44 MP: 13/18
   862 | D        | Received a gift from Sif Muna
   862 | D        | Reached skill level 7 in Invocations
   951 | D        | Learned a level 5 spell: Irradiate
  1058 | D        | Noticed a polar bear
  1064 | D        | Reached skill level 1 in Transmutations
  1069 | D        | Reached skill level 8 in Invocations
  1074 | D        | Killed a polar bear
  1074 | D        | Reached XP level 8. HP: 23/49 MP: 4/19
  1345 | D        | Noticed Erica
  1355 | D        | Killed Erica
  1355 | D        | Reached skill level 10 in Invocations
  1529 | D        | Identified Sif Muna's Papyrus of Creative Moulding (Sif
                  | Muna gifted it to you in the Dungeon)
  1529 | D        | Received a gift from Sif Muna
  1529 | D        | Reached XP level 9. HP: 54/54 MP: 17/20
  1537 | D        | Learned a level 5 spell: Blade Hands
  1560 | D        | Noticed a jumping spider
  2109 | D        | Noticed Eustachio
  2118 | D        | Killed Eustachio
  2118 | D        | Reached skill level 11 in Invocations
  2165 | D        | Reached skill level 1 in Unarmed Combat
  2272 | D        | Identified Yddugokh's Guide on Feathery Flames (Sif Muna
                  | gifted it to you in the Dungeon)
  2272 | D        | Received a gift from Sif Muna
  2571 | D        | HP: 1/54 [something (6)]
  2572 | D        | Killed a ghost moth
  2572 | D        | Reached skill level 12 in Invocations
  2572 | D        | Reached XP level 10. HP: 2/59 MP: 15/21
  2986 | D        | Received a gift from Sif Muna
  2986 | D        | Reached skill level 10 in Conjurations
  3225 | D        | Reached skill level 10 in Unarmed Combat
  3266 | D        | Learned a level 7 spell: Malign Gateway
  3307 | D        | Noticed an elephant
  3307 | D        | Noticed an elephant
  3307 | D        | Noticed an elephant
  3308 | D        | Noticed an elephant
  3308 | D        | Noticed an orange demon
  3310 | D        | Noticed an alligator snapping turtle
  3348 | D        | Killed an elephant
  3348 | D        | Reached skill level 1 in Summonings
  3348 | D        | Reached skill level 1 in Translocations
  3359 | D        | Killed an elephant
  3366 | D        | Killed an elephant
  3372 | D        | Killed an elephant
  3372 | D        | Received a gift from Sif Muna
  3529 | D        | Killed an orange demon
  3529 | D        | Reached ****** piety under Sif Muna
  3768 | D        | Got the Almanac of Hurtful Ignition
  4026 | D        | Reached skill level 5 in Summonings
  4076 | D        | Identified Sif Muna's Disquisition on Dislocated
                  | Conjuration (Sif Muna gifted it to you in the Dungeon)
  4076 | D        | Received a gift from Sif Muna
  4077 | D        | Reached XP level 11. HP: 36/67 MP: 16/24
  4462 | D        | Noticed an orc knight
  4468 | D        | Killed an orc knight
  4756 | D        | Noticed a deep troll
  4819 | D        | Killed a deep troll
  5028 | D        | Identified Sif Muna's Handbook of Sinister Weightlessness
                  | (Sif Muna gifted it to you in the Dungeon)
  5028 | D        | Received a gift from Sif Muna
  5381 | D        | Killed an unseen horror
  5381 | D        | Reached skill level 5 in Translocations
  5613 | D        | Mangled by a freezing wraith

Illustrated notes

Levels and vault maps discovered:
D:        pitsprint [storerooms_1, entrance_room_1, metal_vault_1, armoury_1,
          mini_pit_1, grid_room_1, main_hall_1, silver_pit, the_coven_1,
          the_vestibule_1, steel_vault_1, golden_pit, hallway_of_sentries,
          crystal_vault_2, iron_vault_4, final_vault]

Skill      XL: |  1  2  3  4  5  6  7  8  9 10 11 |
---------------+----------------------------------+-----
Conjurations   | 8 9 10 | 10.2
Spellcasting   | 5 6 7 8 9 |  9.4
Fighting       | 2 4 5 7 8 |  8.3
Armour         | 2 3 5 6 |  6.0
Dodging        | 3 5 6 8 9 |  9.6
Invocations    | 6 8 10 12 | 12.0
Transmutations | 3 6 8 |  8.1
Unarmed Combat | 9 11 | 11.8
Summonings     | 5 7 |  7.6
Translocations | 3 5 |  5.2
Stealth        | |  2.0

Action                   |  1- 3 |  4- 6 |  7- 9 | 10-12 || total
-------------------------+-------+-------+-------+-------++-------
Melee: Peck              |     1 |       |     4 |     5 ||    10
       Falchion          |     1 |       |       |       ||     1
       Kick              |       |     3 |     8 |    10 ||    21
       Long sword        |       |       |     7 |       ||     7
       Unarmed           |       |       |     5 |    36 ||    41
 Cast: Magic Dart        |     9 |     1 |     9 |     5 ||    24
       Searing Ray       |       |    10 |    17 |     8 ||    35
       Irradiate         |       |       |     3 |    25 ||    28
       Blade Hands       |       |       |     1 |     5 ||     6
       Stone Arrow       |       |       |       |     8 ||     8
Invok: Channel Magic     |       |       |       |     1 ||     1
 Abil: Fly               |       |       |     1 |     1 ||     2
       End Transformatio |       |       |       |     2 ||     2
       Stop Flying       |       |       |       |     1 ||     1
  Use: Potion            |       |       |     3 |     3 ||     6
       Scroll            |       |       |     1 |       ||     1
Armor: Robe              |     1 |     3 |    15 |    13 ||    32
Dodge: Dodged            |     2 |    11 |    61 |   106 ||   180
       Rpst.: Falchion   |       |     4 |       |       ||     4
       Long sword        |       |     2 |     5 |       ||     7
       Scimitar          |       |       |     4 |       ||     4

Table legend: (Time is in decaauts)
 A = Elapsed time spent in this place.
 B = Non-inter-level travel time spent in this place.
 C = Inter-level travel time spent in this place.
 D = Time resting spent in this place.
 E = Time spent auto-exploring this place.
 F = Levels seen in this place.
 G = Mean time per level.
                   A        B        C        D        E       F      G
               +--------+--------+--------+--------+--------+-----+--------+
         Total |   5542 |   5385 |    157 |   4329 |      0 |   1 | 5542.0 |
       Dungeon |   5542 |   5385 |    157 |   4329 |      0 |   1 | 5542.0 |
               +--------+--------+--------+--------+--------+-----+--------+

Top non-repeatable levels by time:
       D: 5542 daAuts
